Map: Coda LE

Players

Gracz

  • Race: Zerg Zerg
  • Spawn Location: 5:00

A.I. 1 (Hard) - Winner!

  • Race: Protoss Protoss
  • Spawn Location: 11:00

VOD

Have the link to the VOD?

Description

Time

  • Played on: March 8, 2016, 9:29 a.m.
  • Length: 13:15
Show
View Real Time Build Order
Export as new Build Order

Gracz Zerg 

Build Orders: Pool First 

Get SALT Encoding   

  12  0:03  Drone  
  13  0:08  Drone  
  14  0:19  Overlord  
  14  0:36  Spawning Pool  
  13  1:06  Drone x2  
  13  1:07  Drone  
  13  1:09  Extractor  
  15  1:26  Hatchery  
  15  1:31  Drone  
  15  1:32  Drone  
  16  1:33  Extractor  
  15  1:42  Zergling x2  
  15  1:44  Queen  
  18  1:55  Extractor  
  18  1:59  Drone  
  18  2:36  Drone x2  
  20  2:40  Lair, Drone  
  20  2:42  Drone  
  20  2:43  Queen  
  24  2:49  Drone  
  24  3:12  Drone  
  25  3:13  Zergling x4  
  25  3:14  Zergling x2  
  25  3:15  Overlord  
  25  3:18  Metabolic Boost  
  28  3:22  Pneumatized Carapace  
  28  3:51  Zergling x2, Drone  
  28  3:52  Zergling x10  
  32  5:03  Drone  
  32  5:05  Zergling x4  
  32  5:06  Overlord x2  
  35  5:14  Nydus Network  
  34  5:27  Hydralisk Den  
  33  5:33  Drone x5  
  33  5:34  Drone x4  
  42  6:12  Nydus Canal  
  42  6:24  Hydralisk  
  42  6:25  Hydralisk x3  
  46  6:29  Overlord  
  50  6:46  Hydralisk x2  
  54  6:48  Hydralisk x2  
  54  6:50  Overlord x2  
  54  6:53  Overlord  
  54  6:54  Overlord x2  
  40  7:27  Drone  
  40  7:28  Drone x2  
  35  7:30  Zergling x8  
  39  7:43  Zergling x2  
  32  7:59  Zergling x4  
  32  8:08  Lurker Den  
  31  8:18  Hydralisk x4  
  35  8:38  Hydralisk x2  
  22  9:11  Hatchery  
  22  9:13  Extractor  
  22  9:16  Hydralisk x3  
  26  9:18  Extractor  
  2  11:15  Hatchery  
  1  11:21  Drone x3  
  3  11:55  Drone  
  3  11:56  Drone  
  3  12:36  Spawning Pool  
  2  12:40  Drone  
  2  12:41  Drone  
  4  13:05  Nydus Canal  
Show
View Real Time Build Order
Export as new Build Order

A.I. 1 (Hard) Protoss - Winner!

Build Orders:  

Get SALT Encoding   

  12  0:01  Probe (Chrono Boost)  
  13  0:11  Probe (Chrono Boost)  
  14  0:20  Pylon  
  14  0:22  Probe (Chrono Boost)  
  15  0:38  Probe (Chrono Boost)  
  16  0:46  Assimilator  
  16  0:49  Probe (Chrono Boost)  
  17  0:50  Gateway  
  17  0:59  Pylon, Probe (Chrono Boost)  
  18  1:10  Probe (Chrono Boost)  
  19  1:23  Probe (Chrono Boost)  
  20  1:33  Zealot  
  20  1:38  Cybernetics Core  
  22  1:44  Gateway  
  22  1:48  Assimilator  
  22  1:57  Zealot  
  24  2:05  Pylon  
  24  2:14  Warp Gate  
  24  2:22  Adept  
  26  2:30  Zealot  
  28  2:44  Pylon  
  28  2:48  Zealot  
  30  2:56  Zealot  
  32  3:14  Zealot  
  34  3:22  Stalker  
  36  3:33  Pylon  
  36  3:35  Probe (Chrono Boost)  
  36  3:41  Stalker  
  39  3:47  Probe (Chrono Boost)  
  40  3:50  Zealot  
  42  3:56  Forge  
  42  3:59  Probe (Chrono Boost)  
  44  4:10  Adept  
  44  4:11  Probe (Chrono Boost)  
  44  4:13  Pylon  
  46  4:22  Probe (Chrono Boost)  
  47  4:29  Stalker  
  49  4:34  Probe (Chrono Boost)  
  50  4:45  Probe (Chrono Boost)  
  50  6:17  Protoss Ground Weapons Level 1  
  50  6:21  Sentry  
  50  6:22  Gateway  
  50  6:25  Photon Cannon  
  52  6:26  Photon Cannon  
  52  6:28  Robotics Facility  
  52  6:30  Stargate, Nexus  
  52  6:31  Adept  
  52  6:32  Twilight Council  
  54  6:39  Pylon  
  54  6:42  Adept  
  56  6:53  Sentry  
  58  6:57  Forge  
  58  7:04  Stalker  
  58  7:05  Pylon  
  60  7:14  Observer  
  60  7:15  Stalker  
  61  7:20  Blink  
  57  7:24  Protoss Ground Armor Level 1  
  57  7:25  Stalker  
  55  7:35  Observer  
  58  7:44  Probe (Chrono Boost)  
  58  7:45  Probe (Chrono Boost)  
  58  7:52  Pylon  
  58  7:53  Pylon  
  58  7:55  Probe (Chrono Boost)  
  58  7:56  Probe (Chrono Boost)  
  61  8:06  Probe (Chrono Boost)  
  61  8:07  Probe (Chrono Boost)  
  62  8:14  Photon Cannon  
  62  8:16  Photon Cannon  
  62  8:18  Probe (Chrono Boost)  
  62  8:19  Probe (Chrono Boost)  
  64  8:29  Probe (Chrono Boost)  
  64  8:30  Probe (Chrono Boost)  
  66  8:41  Probe (Chrono Boost)  
  68  8:42  Probe (Chrono Boost)  
  68  8:44  Zealot  
  66  8:52  Probe (Chrono Boost)  
  66  8:53  Probe (Chrono Boost)  
  66  8:55  Zealot  
  70  9:04  Probe (Chrono Boost)  
  71  9:15  Assimilator  
  71  9:21  Assimilator  
  71  9:42  Adept  
  71  9:45  Probe (Chrono Boost)  
  71  9:46  Probe (Chrono Boost)  
  71  9:53  Adept  
  73  10:45  Protoss Ground Armor Level 2  
  73  10:47  Protoss Air Weapons Level 1, Protoss Ground Weapons Level 2  
  73  10:48  Stalker  
  73  10:52  Warp Prism  
  73  10:53  Void Ray  
  73  10:56  Gateway  
  79  10:59  Robotics Bay  
  79  11:01  Zealot  
  79  11:03  Robotics Facility  
  79  11:06  Stargate  
  79  11:08  Adept  
  79  11:14  Adept  
  79  11:18  Nexus  
  81  11:26  Warp Prism  
  83  11:35  Void Ray  
  87  11:40  Templar Archives  
  87  11:47  Observer Gravitic Boosters  
  87  11:48  Warp Prism  
  87  11:54  Dark Shrine  
  89  12:01  Observer  
  90  12:13  Fleet Beacon  
  90  12:32  Probe (Chrono Boost)  
  90  12:33  Probe (Chrono Boost)  
  90  12:35  Probe (Chrono Boost)  
  93  12:43  Probe (Chrono Boost)  
  94  12:46  Probe (Chrono Boost)  
  94  12:47  Probe (Chrono Boost)  
  96  12:55  Probe (Chrono Boost)  
  96  12:56  Probe (Chrono Boost)  
  96  12:58  Probe (Chrono Boost)  
  99  13:02  Assimilator  
  99  13:04  Pylon  
  100  13:05  Pylon  
  100  13:07  Assimilator  
Tags
 
Add a new tag
Caveats
  • Supply blocks, unpowered buildings, or Contaminate may cause inaccurate times.
  • Supply counts are checked every 10 seconds.